 Dungeon Crawl Stone Soup version 0.27-a0-1232-gc6a4cbde82 (webtiles) character file.

Game seed: 7490766219878340384

16 patchburns1 the Gusty (level 2, -1/15 HPs)
             Began as a Tengu Air Elementalist on June 8, 2021.
             Slain by Terence
             ... wielding a +0 short sword
              (6 damage)
             ... on level 1 of the Dungeon.
             The game lasted 00:07:20 (1100 turns).

patchburns1 the Gusty (Tengu Air Elementalist)      Turns: 1100, Time: 00:07:20

Health: -1/15      AC:  2    Str:  8    XL:     2   Next: 58%
Magic:  1/6        EV: 12    Int: 15    God:
Gold:   21         SH:  0    Dex: 14    Spells: 4/5 levels left

rFire    . . .     SeeInvis .   c - +0 dagger
rCold    . . .     Faith    .   (no shield)
rNeg     . . .     Spirit   .   g - +0 robe
rPois    .         Reflect  .   (helmet restricted)
rElec    .         Harm     .   (no cloak)
rCorr    .         Rampage  .   (no gloves)
Will     .....                  (boots unavailable)
Stlth    ++........             (no amulet)
HPRegen  0.05/turn              (no ring)
MPRegen  0.10/turn              (no ring)

@: no status effects
A: beak, talons 3
a: no special abilities


You were on level 1 of the Dungeon.
You visited 1 branch of the dungeon, and saw 2 of its levels.

You collected 21 gold pieces.

Inventory:

Hand Weapons
 c - a +0 dagger (weapon)
Missiles
 b - 107 arrows
 f - 16 poisoned darts
 i - 48 stones
Armour
 a - a +0 robe
 g - a +0 robe (worn)
Scrolls
 e - 2 scrolls of identify {unknown}
 h - a scroll of immolation {unknown}
 j - a scroll of summoning {unknown}
Potions
 d - a potion of degeneration {unknown}


   Skills:
 + Level 0.0 Fighting
 + Level 2.4 Dodging
 + Level 2.6 Stealth
 + Level 2.1 Spellcasting
 + Level 1.5 Conjurations
 + Level 4.2 Air Magic


You had 4 spell levels left.
You knew the following spells:

 Your Spells              Type           Power      Damage    Failure   Level
a - Shock                 Conj/Air       40%        1d5       7%          1

Your spell library contained the following spells:

 Spells                   Type           Power      Damage    Failure   Level
 Static Discharge         Conj/Air       10%        N/A       10%         2
 Swiftness                Air            14%        N/A       12%         3
 Airstrike                Air            7%         N/A       36%         4
 Lightning Bolt           Conj/Air       5%         1d17      88%         5


Dungeon Overview and Level Annotations

Branches:
Dungeon (2/15)

Altars:

Shops:
D:1 *

Annotations:
D:1 Terence


Innate Abilities, Weirdness & Mutations

You have a beak for a mouth.
You have claws for feet.


Message History

The zap hits Terence but does no damage.
Terence is heavily wounded.
Terence misses you.
Aiming: Shock (safe; 7% risk of failure)
Press: ? - help, Q - select action, (/) - cycle Shift-Dir - straight line The zap misses Terence.
The zap hits Terence but does no damage.
Terence is heavily wounded.
Terence barely misses you.
Aiming: Shock (safe; 7% risk of failure)
Press: ? - help, Q - select action, (/) - cycle Shift-Dir - straight line The zap hits Terence.
Terence is heavily wounded.
The zap hits Terence.
Terence is severely wounded.
Terence hits you with a +0 short sword.
Terence says, "Time to say good-bye..."
Your magical contamination has completely faded away.
Aiming: Shock (safe; 7% risk of failure)
Press: ? - help, Q - select action, (/) - cycle Shift-Dir - straight line The zap hits Terence but does no damage.
Terence is severely wounded.
The zap hits Terence.
Terence is severely wounded.
Terence barely misses you.
Terence says, "Rest in peace."
Aiming: Shock (safe; 7% risk of failure)
Press: ? - help, Q - select action, (/) - cycle Shift-Dir - straight line The zap hits Terence but does no damage.
Terence is severely wounded.
The zap misses Terence.
Terence hits you with a +0 short sword!
You see here a bat corpse.
Terence asks, "Do you want it fast or slow?"
There is a stone staircase leading up here.
Terence hits you with a +0 short sword.
You climb upwards.
There is a stone staircase leading down here.
Terence hits you with a +0 short sword.
You die...

#.# #.# #.# #.#
#.# #.#
#######.##########
...............@>#
#######.########@#
#.# #.# #######.#
#.# ........# #.#
######### #.# #.#
#.# #.# #.#


You could see Terence.

Vanquished Creatures
  A ball python (D:1)
  3 bats
  3 endoplasms
  A giant cockroach (D:2)
  A goblin (D:1)
  2 hobgoblins (D:1)
  A frilled lizard (D:2)
  3 rats
15 creatures vanquished.

Notes
Turn   | Place    | Note
-------+----------+-------------------------------------------
     0 | D:1      | patchburns1 the Tengu Air Elementalist began the quest for
                  | the Orb.
     0 | D:1      | Reached XP level 1. HP: 10/10 MP: 4/4
   160 | D:1      | Found Leguc's Assorted Antiques.
   279 | D:1      | Reached XP level 2. HP: 15/15 MP: 3/6
  1058 | D:2      | Noticed Terence
  1100 | D:1      | Slain by Terence

Illustrated notes

Levels and vault maps discovered:
D:1:      ebering_trefoil_3fold, layout_basic, serial_shops,
          nicolae_shop_overgrown_old_shop
D:2:      minmay_spotlight, layout_basic, grunt_ministairs_14, chequers_jeans,
          uniq_terence

Action                   || total
-------------------------++-------
Melee: Dagger            ||     1
 Cast: Shock             ||    31
 Stab: Sleeping          ||     1
Armor: Robe              ||     8
Dodge: Dodged            ||    14

Table legend: (Time is in decaauts)
 A = Elapsed time spent in this place.
 B = Non-inter-level travel time spent in this place.
 C = Inter-level travel time spent in this place.
 D = Time resting spent in this place.
 E = Time spent auto-exploring this place.
 F = Levels seen in this place.
 G = Mean time per level.
                   A        B        C        D        E       F      G
               +--------+--------+--------+--------+--------+-----+--------+
         Total |   1099 |   1044 |     55 |    129 |    517 |   2 |  549.5 |
       Dungeon |   1099 |   1044 |     55 |    129 |    517 |   2 |  549.5 |
               +--------+--------+--------+--------+--------+-----+--------+

Top non-repeatable levels by time:
     D:1: 877 daAuts
     D:2: 222 daAuts
